 Dungeon Crawl Stone Soup version 0.23.2-1-ga50397a6bc (webtiles) character file.

Game seed: 3426075481302034983

17 Morbidden the Conjurer (level 2, -4/22 HPs)
             Began as a Draconian Conjurer on Apr 27, 2019.
             Slain by a gnoll
             ... wielding a +0 spear
              (12 damage)
             ... on level 1 of the Dungeon.
             The game lasted 00:02:29 (1196 turns).

Morbidden the Conjurer (Draconian Conjurer)         Turns: 1196, Time: 00:02:30

Health: -4/22      AC:  4    Str: 10    XL:     2   Next: 44%
Magic:  3/5        EV: 12    Int: 15    God:
Gold:   72         SH:  0    Dex: 11    Spells: 4/5 levels left

rFire    . . .     SeeInvis .   (no weapon)
rCold    . . .     Gourm    .   (no shield)
rNeg     . . .     Faith    .   (armour unavailable)
rPois    .         Spirit   .   (helmet restricted)
rElec    .         Reflect  .   (no cloak)
rCorr    .         Harm     .   (no gloves)
MR       +....                  (no boots)
Stlth    ++........             (no amulet)
HPRegen  0.07/turn              (no ring)
MPRegen  0.09/turn              (no ring)

@: no status effects
A: unfitting armour, stinger 1, blink, magic resistance 1, cold-blooded, AC +4
a: Blink


You were on level 1 of the Dungeon.
You were not hungry.

You visited 1 branch of the dungeon, and saw 1 of its levels.

You collected 72 gold pieces.

Inventory:

Scrolls
 e - a scroll of amnesia {unknown}
Potions
 d - a potion of magic {unknown}
 f - a potion of curing {unknown}
Comestibles
 b - a ration


   Skills:
 * Level 0.6 Fighting
 + Level 1.7 Dodging
 + Level 1.7 Stealth
 * Level 0.2 Unarmed Combat
 + Level 2.0 Spellcasting
 * Level 4.5 Conjurations


You had 4 spell levels left.
You knew the following spells:

 Your Spells              Type           Power        Failure   Level  Hunger
a - Magic Dart            Conj           ###.         3%          1    #......

Your spell library contained the following spells:

 Spells                   Type           Power        Failure   Level  Hunger
 Searing Ray              Conj           ###...       4%          2    ###....
 Dazzling Spray           Conj/Hex       #.....       26%         3    ###....
 Iskenderun's Mystic Bla  Conj           ###.....     32%         4    #####..
 Force Lance              Conj/Tloc      #.......     65%         4    #####..
 Fulminant Prism          Conj/Hex       #.........   65%         4    #####..


Dungeon Overview and Level Annotations

Branches:
Dungeon (1/15)

Altars:


Innate Abilities, Weirdness & Mutations

Your plain brown scales are hard. (AC +4)
You cannot fit into any form of body armour.
You are cold-blooded and may be slowed by cold attacks.
Your tail ends in a poisonous barb.
You can translocate small distances at will.
You are resistant to hostile enchantments. (MR+)


Message History

Press: ? - help, Shift-Dir - straight line, f/p - gnoll
Aim: a gnoll, wielding a +0 spear (moderately wounded)
The magic dart hits the gnoll but does no damage.
The gnoll is moderately wounded.
The gnoll hits you from afar with a +0 spear!
The gnoll hits you with a +0 spear!
You are too injured to fight recklessly!
You are too injured to fight recklessly!
Unknown command.
Unknown command.
You hit the gnoll.
The gnoll is heavily wounded.
The gnoll barely misses you.
Unknown command.
Unknown command.
You hit the gnoll.
The gnoll is heavily wounded.
The gnoll hits you with a +0 spear!
Ouch! That really hurt!
You die...

### #.# ######### #.#########
........# #.........#
###.###.###############.#######.#
#...# #.................# #.#
#.#.#############)....### #.#
#.#............g@......# #.#
#.###############.(....# #.# #.#
#....# #......# #.. #.# #....#
#......###### ### #.#
#....#######.##..)...# # #.#
#....+.......##....[.##### #.#
####....###...#.........+(... #.#
#.............#....#....#####
..###.....#....####....##########


You could see a gnoll.

Vanquished Creatures
  A dart slug (D:1)
  A giant cockroach (D:1)
  3 hobgoblins (D:1)
  3 kobolds (D:1)
  3 bats (D:1)
  3 rats (D:1)
14 creatures vanquished.

Notes
Turn   | Place    | Note
-------+----------+-------------------------------------------
     0 | D:1      | Morbidden the Draconian Conjurer began the quest for the
                  | Orb.
     0 | D:1      | Reached XP level 1. HP: 14/14 MP: 3/3
   503 | D:1      | Reached XP level 2. HP: 22/22 MP: 0/5
   608 | D:1      | Gained mutation: You are resistant to hostile enchantments.
                  | (MR+) [potion of mutation]
   608 | D:1      | Gained mutation: You can translocate small distances at
                  | will. [potion of mutation]
   608 | D:1      | Gained mutation: Your tail ends in a poisonous barb.
                  | [potion of mutation]
  1196 | D:1      | Slain by a gnoll

Action                   || total
-------------------------++-------
Melee: Unarmed           ||    27
       Tailslap          ||     3
 Cast: Magic Dart        ||    25
  Use: Potion            ||     2
 Stab: Sleeping          ||     1
  Eat: Chunk             ||     1
Armor: Skin              ||    27
Dodge: Dodged            ||    32
